| TOP OF THE 1ST |
|
Trenton Thunder batting - Pitching for New Hampshire Fisher Cats : LHP Jon Valdovinos
|
|
Pitching: LHP Jon Valdovinos
|
|
|
Batting: RHB Tim Osborn
|
0-0: Fly out, F8 (Line Drive, 8RD, EV 95.6 MPH)
|
|
Batting: RHB Bryan Westray
|
0-0: Foul Ball, location: 2F 0-1: Foul Ball, location: 2F 0-2: Ground out 5-3 (Groundball, 56S, EV 93.8 MPH)
|
|
Batting: RHB Christian Shearer
|
0-0: Swinging Strike 0-1: Ball 1-1: Ball 2-1: Foul Ball, location: 2F 2-2: Ball 3-2: Foul Ball, location: 2F 3-2: Ground out 4-3 (Groundball, 4, EV 76.9 MPH)
|
| Top of the 1st over - 0 runs, 0 hits, 0 errors, 0 left on base; Trenton 0 - New Hampshire 0 |
| BOTTOM OF THE 1ST |
|
New Hampshire Fisher Cats batting - Pitching for Trenton Thunder : LHP Nick Turner
|
|
Pitching: LHP Nick Turner
|
|
|
Batting: RHB Tokuji Kawabata
|
0-0: Ball 1-0: Swinging Strike 1-1: Ball 2-1: Ground out 2-3 (Groundball, 2L, EV 66.2 MPH)
|
|
Batting: RHB Stephen Casteel
|
0-0: SOLO HOME RUN (Flyball, 7D, EV 99.4 MPH), Distance : 397 ft
|
|
Batting: RHB Bill Murray
|
0-0: Ball 1-0: Foul Ball, location: 2F 1-1: Called Strike 1-2: Ball 2-2: Ball 3-2: Ground out 5-3 (Groundball, 56, EV 84.4 MPH)
|
|
Batting: RHB Justin Geiger
|
0-0: Ball 1-0: Ball 2-0: Called Strike 2-1: Foul Ball, location: 2F 2-2: Foul Ball, location: 2F 2-2: Foul Ball, location: 2F 2-2: Fly out, F7 (Line Drive, 78M, EV 88.8 MPH)
|
| Bottom of the 1st over - 1 run, 1 hit, 0 errors, 0 left on base; Trenton 0 - New Hampshire 1 |
| TOP OF THE 2ND |
|
Trenton Thunder batting - Pitching for New Hampshire Fisher Cats : LHP Jon Valdovinos
|
|
Batting: RHB Sam Hubbert
|
0-0: Ball 1-0: Swinging Strike 1-1: Ball 2-1: Swinging Strike 2-2: Ball 3-2: Fly out, F9 (Line Drive, 89M, EV 108.1 MPH)
|
|
Batting: RHB Alex Colon
|
0-0: Ball 1-0: Called Strike 1-1: Foul Ball, location: 2F 1-2: Ball 2-2: DOUBLE (Groundball, 5L, EV 107.5 MPH)
|
|
Batting: RHB Phil Reeves
|
0-0: Ball 1-0: Called Strike 1-1: Foul Ball, location: 2F 1-2: Foul Ball, location: 2F 1-2: Ground out 5-3 (Groundball, 56S, EV 71.2 MPH) Alex Colon to third
|
|
Batting: SHB David Stewart
|
0-0: Ball 1-0: Fly out, F9 (Flyball, 9, EV 75.0 MPH)
|
| Top of the 2nd over - 0 runs, 1 hit, 0 errors, 1 left on base; Trenton 0 - New Hampshire 1 |
| BOTTOM OF THE 2ND |
|
New Hampshire Fisher Cats batting - Pitching for Trenton Thunder : LHP Nick Turner
|
|
Batting: RHB Kai Stoyle
|
0-0: Called Strike 0-1: Swinging Strike 0-2: Strikes out swinging
|
|
Batting: RHB Chris Martin
|
0-0: Ball 1-0: Called Strike 1-1: SINGLE (Line Drive, 3D, EV 99.4 MPH)
|
|
Batting: RHB Bobby Lasaguna
|
0-0: Ball Chris Martin is caught stealing 2nd base 2-4 1-0: Hit by Pitch
|
|
Batting: LHB Kurt Estep
|
0-0: Ball Bobby Lasaguna steals 2nd base 1-0: Called Strike 1-1: Ball 2-1: Ground out 3-1 (Groundball, 34S, EV 80.6 MPH)
|
| Bottom of the 2nd over - 0 runs, 1 hit, 0 errors, 1 left on base; Trenton 0 - New Hampshire 1 |
| TOP OF THE 3RD |
|
Trenton Thunder batting - Pitching for New Hampshire Fisher Cats : LHP Jon Valdovinos
|
|
Batting: RHB Javier Umanzor
|
0-0: Ball 1-0: Reached on error, E8 (Flyball, 8LD, EV 73.8 MPH)
|
|
Batting: SHB Houston Phillips
|
0-0: Ball 1-0: Called Strike 1-1: Ball 2-1: Called Strike 2-2: Ball 3-2: SINGLE (Line Drive, 3D, EV 98.8 MPH) Javier Umanzor to second Runner from 2nd tries for 3rd, SAFE, throw by RF made to third
|
|
Batting: RHB Tim Osborn
|
0-0: Ball 1-0: SINGLE (Groundball, 6MD, EV 107.5 MPH) Javier Umanzor scores Houston Phillips to second
|
|
Batting: RHB Bryan Westray
|
0-0: Swinging Strike 0-1: DOUBLE (Line Drive, 89D, EV 106.9 MPH) Houston Phillips scores Tim Osborn to third
|
|
Batting: RHB Christian Shearer
|
0-0: Ball 1-0: Foul Ball, location: 2F 1-1: Ball 2-1: Ball 3-1: Foul Ball, location: 2F 3-2: Base on Balls
|
|
Batting: RHB Sam Hubbert
|
0-0: Called Strike 0-1: Grounds into double play, 3-6-1 (Groundball, 34, EV 106.9 MPH) Tim Osborn scores Bryan Westray to third
|
|
Batting: RHB Alex Colon
|
0-0: Ball 1-0: Called Strike 1-1: DOUBLE (Line Drive, 78M, EV 106.9 MPH) Bryan Westray scores
|
|
Batting: RHB Phil Reeves
|
0-0: Called Strike 0-1: Called Strike 0-2: Ball 1-2: Ball 2-2: Ball 3-2: Base on Balls
|
|
Batting: SHB David Stewart
|
0-0: SINGLE (Flyball, 4D, EV 83.8 MPH) Alex Colon to third Phil Reeves to second Runner from 3rd tries for Home, throw by CF and OUT! 8-2
|
| Top of the 3rd over - 4 runs, 5 hits, 1 error, 2 left on base; Trenton 4 - New Hampshire 1 |
| BOTTOM OF THE 3RD |
|
New Hampshire Fisher Cats batting - Pitching for Trenton Thunder : LHP Nick Turner
|
|
Batting: RHB Justin Powell
|
0-0: Called Strike 0-1: Foul Ball, location: 2F 0-2: Ball 1-2: Ball 2-2: Ball 3-2: SINGLE (Groundball, 25, EV 74.4 MPH) (infield hit)
|
|
Batting: RHB Tokuji Kawabata
|
0-0: Ball 1-0: SINGLE (Groundball, 56D, EV 105.6 MPH) (infield hit) Justin Powell to second
|
|
Batting: RHB Stephen Casteel
|
0-0: Called Strike 0-1: Foul Ball, location: 2F 0-2: Ball 1-2: Fly out, F9 (Flyball, 9, EV 77.5 MPH) Runner from 2nd tags up, SAFE at 3rd with throw by RF
|
|
Batting: RHB Bill Murray
|
0-0: Called Strike Tokuji Kawabata steals 2nd base 0-1: SINGLE (Groundball, 56S, EV 69.4 MPH) (infield hit) Justin Powell scores Tokuji Kawabata to third
|
|
Batting: RHB Justin Geiger
|
0-0: Called Strike 0-1: Ball Bill Murray steals 2nd base 1-1: Ball 2-1: SINGLE (Flyball, 89S, EV 99.4 MPH) Tokuji Kawabata scores Bill Murray to third Runner from 3rd tries for Home, throw by RF and OUT! 9-2 Justin Geiger to second
|
|
Batting: RHB Kai Stoyle
|
0-0: Foul Ball, location: 2F 0-1: Ball 1-1: Ball 2-1: Foul Ball, location: 2F 2-2: SINGLE (Line Drive, 7S, EV 101.9 MPH) Justin Geiger to third
|
|
Batting: RHB Chris Martin
|
0-0: DOUBLE (Line Drive, 7LD, EV 106.2 MPH) Justin Geiger scores Kai Stoyle to third Runner from 3rd tries for Home, SAFE, no throw by LF
|
|
Batting: RHB Bobby Lasaguna
|
0-0: Called Strike 0-1: Ground out U3 (Groundball, 34S, EV 86.9 MPH)
|
| Bottom of the 3rd over - 4 runs, 6 hits, 0 errors, 1 left on base; Trenton 4 - New Hampshire 5 |
| TOP OF THE 4TH |
|
Trenton Thunder batting - Pitching for New Hampshire Fisher Cats : LHP Jon Valdovinos
|
|
Batting: RHB Javier Umanzor
|
0-0: Ball 1-0: Fly out, F8 (Line Drive, 8LM, EV 92.5 MPH)
|
|
Batting: SHB Houston Phillips
|
0-0: Called Strike 0-1: Ball 1-1: Fly out, F8 (Flyball, 78M, EV 85.6 MPH)
|
|
Batting: RHB Tim Osborn
|
0-0: Swinging Strike 0-1: Fly out, F8 (Flyball, 78M, EV 96.9 MPH)
|
| Top of the 4th over - 0 runs, 0 hits, 0 errors, 0 left on base; Trenton 4 - New Hampshire 5 |
| BOTTOM OF THE 4TH |
|
New Hampshire Fisher Cats batting - Pitching for Trenton Thunder : LHP Nick Turner
|
|
Batting: LHB Kurt Estep
|
0-0: Foul Ball, location: 2F 0-1: Ball 1-1: Swinging Strike 1-2: Ball 2-2: Foul Ball, location: 2F 2-2: Ball 3-2: Fly out, F9 (Flyball, 89M, EV 89.4 MPH)
|
|
Batting: RHB Justin Powell
|
0-0: Foul Ball, location: 2F 0-1: Ball 1-1: Ball 2-1: Ball 3-1: Called Strike 3-2: DOUBLE (Flyball, 8LD, EV 99.4 MPH)
|
|
Batting: RHB Tokuji Kawabata
|
0-0: Reached on error, E5 (Groundball, 56, EV 80.0 MPH) Justin Powell to third
|
|
Batting: RHB Stephen Casteel
|
0-0: Ball 1-0: Ball 2-0: Called Strike 2-1: Called Strike 2-2: Foul Ball, location: 2F 2-2: Fly out, F9 (Flyball, 9S, EV 80.0 MPH)
|
|
Batting: RHB Bill Murray
|
0-0: Foul Ball, location: 2F 0-1: Foul Ball, location: 2F 0-2: Ball Wild Pitch! Justin Powell scores Tokuji Kawabata to second 1-2: Ball 2-2: Ball 3-2: Foul Ball, location: 2F 3-2: Foul Ball, location: 2F 3-2: Ground out 6-3 (Groundball, 6, EV 83.1 MPH)
|
| Bottom of the 4th over - 1 run, 1 hit, 1 error, 1 left on base; Trenton 4 - New Hampshire 6 |
| TOP OF THE 5TH |
|
Trenton Thunder batting - Pitching for New Hampshire Fisher Cats : LHP Jon Valdovinos
|
|
Batting: RHB Bryan Westray
|
0-0: Ball 1-0: Called Strike 1-1: Ball 2-1: SINGLE (Flyball, 78S, EV 90.0 MPH)
|
|
Batting: RHB Christian Shearer
|
0-0: Swinging Strike 0-1: Called Strike 0-2: Ball 1-2: Ball 2-2: Ball 3-2: Base on Balls Bryan Westray to second
|
|
Batting: RHB Sam Hubbert
|
0-0: Ball 1-0: Called Strike 1-1: Foul Ball, location: 2F 1-2: Strikes out looking
|
|
Batting: RHB Alex Colon
|
0-0: Foul Ball, location: 2F 0-1: Called Strike 0-2: Foul Ball, location: 2F 0-2: Strikes out swinging
|
|
Batting: RHB Phil Reeves
|
0-0: Ball 1-0: Ball 2-0: Ball 3-0: Called Strike 3-1: Called Strike 3-2: Ground out 4-3 (Groundball, 4, EV 86.2 MPH)
|
| Top of the 5th over - 0 runs, 1 hit, 0 errors, 2 left on base; Trenton 4 - New Hampshire 6 |
| BOTTOM OF THE 5TH |
|
New Hampshire Fisher Cats batting - Pitching for Trenton Thunder : LHP Nick Turner
|
|
Batting: RHB Justin Geiger
|
0-0: Ball 1-0: Foul Ball, location: 2F 1-1: Fly out, F9 (Flyball, 9, EV 98.1 MPH)
|
|
Batting: RHB Kai Stoyle
|
0-0: Called Strike 0-1: Ground out 1-3 (Groundball, 25, EV 66.2 MPH)
|
|
Batting: RHB Chris Martin
|
0-0: Ground out 5-3 (Groundball, 56S, EV 84.4 MPH)
|
| Bottom of the 5th over - 0 runs, 0 hits, 0 errors, 0 left on base; Trenton 4 - New Hampshire 6 |
| TOP OF THE 6TH |
|
Trenton Thunder batting - Pitching for New Hampshire Fisher Cats : LHP Jon Valdovinos
|
|
Batting: SHB David Stewart
|
0-0: Called Strike 0-1: Ball 1-1: Ball 2-1: Foul Ball, location: 2F 2-2: Ball 3-2: Strikes out swinging, 2-3 out at first.
|
|
Batting: RHB Javier Umanzor
|
0-0: Foul Ball, location: 2F 0-1: Called Strike 0-2: Ball 1-2: Foul Ball, location: 2F 1-2: DOUBLE (Line Drive, 7LM, EV 106.2 MPH)
|
|
Pitching: RHP Hanskarl Miller
|
|
|
Batting: SHB Houston Phillips
|
0-0: Called Strike 0-1: Foul Ball, location: 2F 0-2: Ball 1-2: Ball 2-2: Strikes out swinging
|
|
Batting: RHB Tim Osborn
|
0-0: Fly out, F9 (Flyball, 9LMF, EV 95.0 MPH)
|
| Top of the 6th over - 0 runs, 1 hit, 0 errors, 1 left on base; Trenton 4 - New Hampshire 6 |
| BOTTOM OF THE 6TH |
|
New Hampshire Fisher Cats batting - Pitching for Trenton Thunder : LHP Nick Turner
|
|
Pitching: RHP Joe Shaw
|
|
|
Batting: RHB Bobby Lasaguna
|
0-0: SINGLE (Flyball, 56D, EV 91.9 MPH)
|
|
Batting: LHB Kurt Estep
|
0-0: Fielders Choice at 2nd, 3-6 (Groundball, 3, EV 88.1 MPH)
|
|
Batting: RHB Justin Powell
|
0-0: Ball 1-0: Ball 2-0: Ball Kurt Estep steals 2nd base (no throw) 3-0: Called Strike 3-1: Base on Balls
|
|
Batting: RHB Tokuji Kawabata
|
0-0: Ball 1-0: Ball 2-0: Swinging Strike 2-1: Foul Ball, location: 2F 2-2: Grounds into double play, 6-4-3 (Groundball, 6, EV 105.6 MPH)
|
| Bottom of the 6th over - 0 runs, 1 hit, 0 errors, 1 left on base; Trenton 4 - New Hampshire 6 |
| TOP OF THE 7TH |
|
Trenton Thunder batting - Pitching for New Hampshire Fisher Cats : RHP Hanskarl Miller
|
|
Now at 3B: Kirk Seiffert
|
|
|
Batting: RHB Bryan Westray
|
0-0: Called Strike 0-1: Ball 1-1: Foul Ball, location: 2F 1-2: Ground out U3 (Groundball, 34, EV 94.4 MPH)
|
|
Batting: RHB Christian Shearer
|
0-0: Called Strike 0-1: Ball 1-1: Called Strike 1-2: Ball 2-2: Ball 3-2: Strikes out swinging, 2-3 out at first.
|
|
Batting: RHB Sam Hubbert
|
0-0: Swinging Strike 0-1: Ball 1-1: Called Strike 1-2: Ball 2-2: Ground out 5-3 (Groundball, 56, EV 81.9 MPH)
|
| Top of the 7th over - 0 runs, 0 hits, 0 errors, 0 left on base; Trenton 4 - New Hampshire 6 |
| BOTTOM OF THE 7TH |
|
New Hampshire Fisher Cats batting - Pitching for Trenton Thunder : RHP Joe Shaw
|
|
Batting: RHB Stephen Casteel
|
0-0: Ground out 1-3 (Groundball, 13, EV 65.0 MPH)
|
|
Batting: RHB Bill Murray
|
0-0: SINGLE (Groundball, 56D, EV 97.5 MPH)
|
|
Batting: RHB Justin Geiger
|
0-0: Called Strike 0-1: Fly out, F9 (Line Drive, 9D, EV 107.5 MPH)
|
|
Batting: RHB Kai Stoyle
|
0-0: Ball Bill Murray steals 2nd, throwing error, E2 Bill Murray to third 1-0: Foul Ball, location: 2F 1-1: Called Strike 1-2: Ball 2-2: Foul Ball, location: 2F 2-2: Strikes out swinging
|
| Bottom of the 7th over - 0 runs, 1 hit, 1 error, 1 left on base; Trenton 4 - New Hampshire 6 |
| TOP OF THE 8TH |
|
Trenton Thunder batting - Pitching for New Hampshire Fisher Cats : RHP Hanskarl Miller
|
|
Now at 2B: Kirk Seiffert
|
|
|
Now at 3B: Selam Chimsima
|
|
|
Batting: RHB Alex Colon
|
0-0: Ground out 5-3 (Groundball, 56S, EV 88.8 MPH)
|
|
Batting: RHB Phil Reeves
|
0-0: Ball 1-0: Called Strike 1-1: Swinging Strike 1-2: Strikes out swinging
|
|
Batting: SHB David Stewart
|
0-0: Ball 1-0: Foul Ball, location: 2F 1-1: Swinging Strike 1-2: Ball 2-2: Foul Ball, location: 2F 2-2: Ball 3-2: Strikes out swinging
|
| Top of the 8th over - 0 runs, 0 hits, 0 errors, 0 left on base; Trenton 4 - New Hampshire 6 |
| BOTTOM OF THE 8TH |
|
New Hampshire Fisher Cats batting - Pitching for Trenton Thunder : RHP Joe Shaw
|
|
Pitching: RHP Angel Gutierres
|
|
|
Batting: RHB Chris Martin
|
0-0: Called Strike 0-1: Ball 1-1: Ball 2-1: Ground out 6-3 (Groundball, 6, EV 102.5 MPH)
|
|
Batting: RHB Bobby Lasaguna
|
0-0: Foul Ball, location: 2F 0-1: Foul Ball, location: 2F 0-2: Ball 1-2: Ball 2-2: Foul Ball, location: 2F 2-2: Ball 3-2: Foul Ball, location: 2F 3-2: Foul Ball, location: 2F 3-2: Ground out 6-3 (Groundball, 6, EV 101.9 MPH)
|
|
Batting: LHB Kurt Estep
|
0-0: Ground out 4-3 (Groundball, 34, EV 85.6 MPH)
|
| Bottom of the 8th over - 0 runs, 0 hits, 0 errors, 0 left on base; Trenton 4 - New Hampshire 6 |
| TOP OF THE 9TH |
|
Trenton Thunder batting - Pitching for New Hampshire Fisher Cats : RHP Hanskarl Miller
|
|
Pitching: RHP Sergio Valdivia
|
|
|
Batting: RHB Javier Umanzor
|
0-0: Called Strike 0-1: Ball 1-1: Ball 2-1: Ball 3-1: Called Strike 3-2: DOUBLE (Line Drive, 7LM, EV 100.0 MPH)
|
|
Batting: SHB Houston Phillips
|
0-0: Called Strike 0-1: DOUBLE (Flyball, 78D, EV 96.9 MPH) Javier Umanzor scores
|
|
Batting: RHB Tim Osborn
|
0-0: Ball 1-0: Ball 2-0: Called Strike 2-1: Foul Ball, location: 2F 2-2: Foul Ball, location: 2F 2-2: Foul Ball, location: 2F 2-2: Ground out 5-3 (Groundball, 56, EV 103.8 MPH)
|
|
Batting: RHB Bryan Westray
|
0-0: Foul Ball, location: 2F 0-1: Swinging Strike 0-2: Strikes out swinging
|
|
Batting: RHB Christian Shearer
|
0-0: Ball 1-0: Ball 2-0: Called Strike 2-1: Foul Ball, location: 2F 2-2: Strikes out swinging
|
| Top of the 9th over - 1 run, 2 hits, 0 errors, 1 left on base; Trenton 5 - New Hampshire 6 |
|